 Dungeon Crawl Stone Soup version 0.31-a0-196-g86fe4a5e66 (webtiles) character file.

Game seed: 3281465997400304699

2697 rabbitsville the Reanimator (level 9, 0/68 HPs)
             Began as a Hill Orc Necromancer on June 24, 2023.
             Was a Priest of Nemelex Xobeh.
             Slain by a tengu warrior
             ... wielding a +0 dire flail
              (5 damage)
             ... on level 8 of the Dungeon.
             The game lasted 00:23:32 (8198 turns).

rabbitsville the Reanimator (Hill Orc Necromancer)  Turns: 8198, Time: 00:23:33

Health: 0/68       AC:  5    Str: 11    XL:     9   Next: 65%
Magic:  15/16      EV: 12    Int: 19    God:    Nemelex Xobeh [***...]
Gold:   292        SH:  0    Dex: 17    Spells: 14/18 levels left

rFire   . . .        G - +6 war axe of Linearity {freeze, rElec rCorr SInv}
rCold   . . .        (no shield)
rNeg    . . .        a - +0 robe
rPois   .            F - +2 helmet
rElec   +            (no cloak)
rCorr   +            (no gloves)
SInv    +            (no boots)
Will    .....        (no amulet)
Stlth   ++           x - +6 ring of dexterity
HPRegen 0.31/turn    (no ring)
MPRegen 0.15/turn

%: no passive effects
@: studying Fighting
A: no striking features
a: Renounce Religion, Convert to Beogh, Draw Escape, Draw Destruction, Draw
Summoning, Triple Draw


You were on level 8 of the Dungeon.
You worshipped Nemelex Xobeh.
Nemelex Xobeh was most pleased with you.
You visited 1 branch of the dungeon, and saw 8 of its levels.

You collected 292 gold pieces.

Inventory:

Hand Weapons
 c - a +0 long sword
 G - the +6 war axe of Linearity (weapon) {freeze, rElec rCorr SInv}
   (You found it on level 7 of the Dungeon)

   rElec:     It insulates you from electricity.
   SInv:      It lets you see invisible.
   rCorr:     It protects you from acid and corrosion.
Armour
 a - a +0 robe (worn)
 f - a +1 helmet
 F - a +2 helmet (worn)
Jewellery
 l - an amulet of guardian spirit
 m - an amulet of faith
 x - a +6 ring of dexterity (left hand)
Wands
 s - a wand of iceblast (13)
 y - a wand of mindburst (11)
Scrolls
 g - 3 scrolls of enchant weapon {unknown}
 i - a scroll of immolation {unknown}
 j - 3 scrolls of identify {unknown}
 n - a scroll of fog {unknown}
 o - a scroll of acquirement {unknown}
 w - a scroll of blinking {unknown}
 A - a scroll of teleportation {unknown}
 B - a scroll of enchant armour {unknown}
 C - a scroll of vulnerability {unknown}
 E - a scroll of amnesia {unknown}
Potions
 b - a potion of magic
 d - 2 potions of curing
 e - 2 potions of degeneration {unknown}
 h - a potion of ambrosia {unknown}
 k - a potion of mutation {unknown}
 p - a potion of lignification {unknown}
 q - a potion of haste {unknown}
 r - a potion of berserk rage {unknown}
 t - 2 potions of enlightenment {unknown}
 u - a potion of attraction {unknown}
 v - a potion of might {unknown}
 z - a potion of heal wounds {unknown}
 D - a potion of brilliance {unknown}


   Skills:
 + Level 2.6 Fighting
 + Level 1.9 Axes
 - Level 1.5 Dodging
 - Level 1.5 Stealth
 - Level 5.0 Spellcasting
 * Level 10.1 Necromancy
 + Level 7.6 Invocations


You had 14 spell levels left.
You knew the following spells:

 Your Spells              Type           Power      Damage    Failure   Level
a - Necrotise             Necr           100%       1d9       1%          1
b - Vampiric Draining     Necr           43%        2d9       1%          3

Your spell library contained the following spells:

 Spells                   Type           Power      Damage    Failure   Level
 Animate Dead             Necr           43%        N/A       1%          4
 Agony                    Necr           43%        N/A       5%          5
 Slow                     Hex            16%        N/A       12%         1
 Poisonous Vapours        Pois/Air       8%         N/A       19%         2
 Scorch                   Fire           8%         2d5       19%         2
 Confusing Touch          Hex            4%         N/A       36%         3
 Mephitic Cloud           Conj/Pois/Air  4%         N/A       36%         3
 Flame Wave               Conj/Fire      4%         2d5       77%         4
 Freezing Cloud           Conj/Ice/Air   2%         6-21      98%         5
 Summon Cactus Giant      Summ           2%         N/A       100%        6


Dungeon Overview and Level Annotations

Branches:
Dungeon (8/15)             Temple (0/1) D:4
   Lair: D:8-11

Altars:
Elyvilon
Gozag
Kikubaaqudgha
Nemelex Xobeh
Wu Jian
The Shining One

Annotations:
D:4 1 runed translucent door, superbruh's ghost, amateur HOMo


Message History

Press: ? - help, Q - select action, (/) - cycle Dir - look around, f - activate You draw a card...
You have drawn the Elements.
The bullfrog hits you.
You hit the bullfrog. You freeze the bullfrog.
The bullfrog is moderately wounded.
The bullfrog closely misses you. The bullfrog barely misses you.
Your raiju bursts into living lightning!
The living lightning misses the bullfrog.
Your raiju blinks! x2
You closely miss the bullfrog.
The bullfrog is moderately wounded.
The bullfrog hits you.
An orc warrior comes into view. It is wielding a +0 orcbow.
A white imp comes into view.
Your basilisk gazes at the bullfrog.
The tengu warrior resists with some effort.
An orc priest comes into view. It is wielding a +0 hand axe.
You have drawn the Orb.
Press: ? - help, Shift-Dir - straight line, f - tengu warrior
Aim: a tengu warrior, wielding a +0 dire flail and wearing a +0 leather armour The wavering orb of destruction weakly hits the tengu warrior!
The tengu warrior is moderately wounded.
You hear a shout!
The bullfrog hits your raiju.
Your raiju bites the bullfrog.
Your raiju shocks the bullfrog!
The bullfrog hits your raiju.
The tengu warrior hits you with a +0 dire flail!!
The tengu warrior pecks you. The tengu warrior claws you.
A wight comes into view. It is wielding a +3 flail.
The orc priest calls down the wrath of Beogh upon you.
Beogh smites you!
* * * LOW HITPOINT WARNING * * *
You feel better. The bullfrog hits your raiju.
Your raiju bites the bullfrog!
The bullfrog dies!
Your basilisk gazes at the tengu warrior.
The tengu warrior resists with some effort.
The tengu warrior hits you with a +0 dire flail!!
* * * LOW HITPOINT WARNING * * *
The tengu warrior pecks you.
You die...
Your body disappears without a glow.

.<.. #........... .....
#..........
.....##.........
.........o5....
......†........
......†.†.##'### ######
.....##...##.†.####....#
########.oz#.vhQl.......#
...........'....@.......#
...........#............#
...........#............#
#....[##...##.))#####'###
########...##..)###.....#
#........)).<.....#
#.........).......#
#..........8......#
#....####...8)....#


You could see a tengu warrior (ally target), an orc warrior, a wight
(distracted), an orc priest, a white imp, a friendly raiju (summoned), a
friendly basilisk (summoned) and a friendly fire vortex (summoned).

Vanquished Creatures
  An acid dragon (D:8)
  A sky beast (D:6)
  3 black bears (D:5)
  3 ice beasts (D:6)
  2 ogres (D:5)
  A boggart (D:6)
  2 centaurs
  A phantom (D:6)
  3 kobold brigands
  A bullfrog (D:8)
  A wyvern zombie (D:8)
  A scorpion (D:5)
  3 wights (D:8)
  A killer bee (D:8)
  5 howler monkeys
  2 centaur zombies (D:8)
  An orc priest (D:6)
  4 hounds
  2 iguanas (D:6)
  A sleepcap (D:4)
  An orc wizard (D:6)
  A howler monkey zombie (D:8)
  9 gnolls
  10 adders
  A white imp (D:4)
  An ufetubus (D:6)
  4 dart slugs
  4 worms
  8 orcs
  5 ball pythons
  6 endoplasms
  4 giant cockroaches
  2 goblins
  12 hobgoblins
  2 jackals (D:3)
  4 quokkas
  3 bats (D:1)
  3 frilled lizards
  17 kobolds
  5 rats
141 creatures vanquished.

Vanquished Creatures (collateral kills)
  A bullfrog (D:8)
  A scorpion (D:7)
  A gnoll (D:5)
  A worm (D:4)
  A ball python (D:3)
  An endoplasm (D:3)
  A kobold (D:6)
  A quokka (D:4)
  A rat (D:1)
9 creatures vanquished.

Grand Total: 150 creatures vanquished

Notes
Turn   | Place    | Note
-------+----------+-------------------------------------------
     0 | D:1      | rabbitsville the Hill Orc Necromancer began the quest for
                  | the Orb.
     0 | D:1      | Reached XP level 1. HP: 14/14 MP: 3/3
   214 | D:1      | Reached XP level 2. HP: 20/20 MP: 2/4
   534 | D:1      | Reached XP level 3. HP: 26/26 MP: 3/6
   605 | D:1      | You fall into a shaft and drop 1 floor!
   914 | D:2      | Reached skill level 5 in Necromancy
   914 | D:2      | Reached XP level 4. HP: 33/33 MP: 2/7
  2317 | D:3      | Found a sparkling altar of Nemelex Xobeh.
  2317 | D:3      | Found an ornate altar of the Wu Jian Council.
  2317 | D:3      | Found an ancient bone altar of Kikubaaqudgha.
  2317 | D:3      | Found a white marble altar of Elyvilon.
  2323 | D:3      | Became a worshipper of Nemelex Xobeh the Trickster
  2407 | D:3      | Reached XP level 5. HP: 38/38 MP: 5/8
  2633 | D:3      | Found a faded altar of an unknown god.
  2677 | D:3      | Reached skill level 1 in Invocations
  2834 | D:3      | Learned a level 3 spell: Vampiric Draining
  3213 | D:4      | Reached skill level 6 in Necromancy
  3358 | D:4      | Reached XP level 6. HP: 45/45 MP: 8/10
  3802 | D:4      | Found a staircase to the Ecumenical Temple.
  3807 | D:4      | Reached * piety under Nemelex Xobeh
  3935 | D:4      | Received a gift from Nemelex Xobeh
  4142 | D:4      | Found a runed translucent door.
  4150 | D:4      | Noticed superbruh's ghost (amateur HOMo)
  4233 | D:5      | Entered Level 5 of the Dungeon
  4623 | D:5      | Reached XP level 7. HP: 18/50 MP: 0/11
  4743 | D:5      | Reached skill level 7 in Necromancy
  4951 | D:5      | Received a gift from Nemelex Xobeh
  4962 | D:5      | Found an opulent altar of Gozag.
  5186 | D:5      | Reached XP level 8. HP: 47/57 MP: 5/13
  5496 | D:5      | Reached ** piety under Nemelex Xobeh
  5651 | D:6      | Reached skill level 8 in Necromancy
  5651 | D:6      | Reached skill level 5 in Invocations
  6223 | D:6      | Received a gift from Nemelex Xobeh
  6369 | D:6      | Reached skill level 9 in Necromancy
  6504 | D:6      | Found a glowing golden altar of the Shining One.
  6723 | D:6      | Reached XP level 9. HP: 45/62 MP: 5/15
  7494 | D:7      | Noticed a troll
  7638 | D:7      | Identified the +6 war axe of Linearity {freeze, rElec rCorr
                  | SInv}
  7670 | D:8      | Reached *** piety under Nemelex Xobeh
  7670 | D:8      | Received a gift from Nemelex Xobeh
  7825 | D:8      | Reached skill level 5 in Spellcasting
  7905 | D:8      | Reached skill level 1 in Fighting
  7905 | D:8      | Reached skill level 1 in Axes
  7911 | D:8      | Reached skill level 10 in Necromancy
  8049 | D:8      | Noticed a tengu warrior
  8198 | D:8      | Slain by a tengu warrior

Illustrated notes

Levels and vault maps discovered:
D:1:      zaba_arrival_water, layout_loops_ring, amcnicky_mini_pool_small
D:2:      layout_basic
D:3:      layout_loops_ring, chequers_temple_overflow_statue_of_worship,
          chequers_ecumenical_altar_simple, minmay_crystal_water
D:4:      layout_basic, minmay_temple_entry_wispy, gammafunk_ghost_grave,
          roderic_roman_lattice, chequers_hall_statues_corner_a
D:5:      layout_basic, kennysheep_little_box, chequers_jeans
D:6:      cheibrodos_thug_alley, layout_basic, tso_metal_star
D:7:      layout_rooms, uniq_crazy_yiuf_cottage
D:8:      minmay_the_grid_plus [minmay_the_grid_empty, minmay_the_grid_spikes,
          minmay_the_grid_outer_circle, minmay_the_grid_dragon_b,
          minmay_the_grid_prize_four_corners], layout_gridville, serial_shops,
          nicolae_lakefront_shop, serial_undead, serial_undead_d,
          serial_undead_c, serial_undead_b, serial_undead_f, wad_dig_loot

Skill      XL: |  1  2  3  4  5  6  7  8  9 |
---------------+----------------------------+-----
Spellcasting   | 2 3 4 5 |  5.0
Necromancy     | 5 6 7 9 10 | 10.1
Invocations    | 1 3 4 6 7 |  7.6
Fighting       | 2 |  2.6
Axes           | 1 |  1.9
Dodging        | |  1.5
Stealth        | |  1.5

Action                     |  1- 3 |  4- 6 |  7- 9 || total
---------------------------+-------+-------+-------++-------
  Melee: Long sword        |    27 |    17 |    11 ||    55
         Unarmed           |     5 |       |       ||     5
         Punch             |     2 |     1 |     4 ||     7
         War axe           |       |       |    37 ||    37
   Cast: Necrotise         |    36 |   133 |   187 ||   356
         Vampiric Draining |       |     3 |     6 ||     9
 Invoke: Draw Destruction  |       |       |     7 ||     7
         Draw Escape       |       |       |     1 ||     1
         Draw Summoning    |       |       |     1 ||     1
  Evoke: Wand              |       |       |     7 ||     7
    Use: Potion            |       |       |     3 ||     3
   Stab: Sleeping          |     1 |       |       ||     1
         Distracted        |       |     1 |       ||     1
 Armour: Robe              |    10 |     9 |    47 ||    66
  Dodge: Dodged            |    27 |    25 |   122 ||   174

Table legend: (Time is in decaauts)
 A = Elapsed time spent in this place.
 B = Non-inter-level travel time spent in this place.
 C = Inter-level travel time spent in this place.
 D = Time resting spent in this place.
 E = Time spent auto-exploring this place.
 F = Levels seen in this place.
 G = Mean time per level.
                   A        B        C        D        E       F      G
               +--------+--------+--------+--------+--------+-----+--------+
         Total |   8260 |   7847 |    413 |    319 |   5865 |   8 | 1032.5 |
       Dungeon |   8260 |   7847 |    413 |    319 |   5865 |   8 | 1032.5 |
               +--------+--------+--------+--------+--------+-----+--------+

Top non-repeatable levels by time:
     D:6: 1793 daAuts
     D:5: 1358 daAuts
     D:2: 1238 daAuts
     D:4: 1174 daAuts
     D:3: 1077 daAuts
     D:1: 866 daAuts
     D:8: 544 daAuts
     D:7: 206 daAuts
